 Dungeon Sprint DCSS version bcrawl-1.27.7 (webtiles) character file.

Game seed: 13445385711368180469

1557925 Chiseanne the Prestidigitator (level 10, -5/59 HPs)
             Began as a Demonspawn Archaeologist on Oct 17, 2020.
             Was an Initiate of Gozag.
             Slain by a moth of wrath (11 damage)
             ... in the Dungeon (Sprint I: "Red Sonja").
             The game lasted 00:08:38 (711 turns).

Chiseanne the Prestidigitator (DsAc)                 Turns: 711, Time: 00:08:39

Health: -5/59      AC: 12    Str:  8 (9)  XL:     10   Next: 14%
Magic:  19/19      EV: 14    Int: 18 (19) God:    Gozag
Gold:   27         SH:  0    Dex: 13 (14) Spells: 30/30 levels left

rFire    + . .     SeeInvis .   a - +2 dagger (chaos)
rCold    . . .     Gourm    .   (no shield)
rNeg     + . .     Faith    +   e - +0 ring mail (curse)
rPois    +         Spirit   .   c - +1 hat
rElec    .         Reflect  .   (no cloak)
rCorr    .         Harm     .   q - +0 pair of gloves {Dex+3}
MR       .....     Rnd*Rage +   d - +1 pair of boots Stlth ++++......NoTele +
                                f - amulet of Xuenegh {Faith +Blink rPois rF+ Int+5}
HPRegen  0.00/turn              (no ring)
MPRegen  0.16/turn              (no ring)

@: no status effects
A: talons 2, yellow scales 2, [berserk 1], [blurry vision 2], [clumsy 1],
[deterioration 2], [dopey 1], [frail 3], foul stench 1, [low mp 2], negative
energy resistance 1, [inhibited regeneration], [weak 2], rot immunity, [subdued
magic 1]
a: Potion Petition, Call Merchant, Bribe Branch, Renounce Religion, Evoke Blink


You were in the Dungeon.
You worshipped Gozag.
Gozag was noncommittal.
You were hungry.

You visited 1 branch You collected 976 gold pieces.
You spent 949 gold pieces at shops.

Inventory:

Hand Weapons
 a - a +2 dagger of chaos (weapon)
 s - a +0 blowgun
 w - a +0 hunting sling
Missiles
 l - 156 sling bullets
 o - 114 bolts
 r - 19 curare-tipped needles
 u - 293 stones (quivered)
Armour
 c - a +1 hat (worn)
 d - a +1 pair of boots (worn)
 e - a cursed +0 ring mail (worn)
 q - a +0 pair of gloves of dexterity (worn)
Jewellery
 f - the amulet of Xuenegh (around neck) {Faith +Blink rPois rF+ Int+5}
   (You acquired it in the Dungeon)

   [amulet of faith]

   It allows you to gain divine favour quickly.
   It affects your intelligence (+5).
   It protects you from fire.
   It protects you from poison.
   It lets you blink.
Wands
 n - a wand of polymorph (2)
Scrolls
 b - a scroll of identify
 g - a scroll of magic mapping
 m - 2 scrolls of blinking
Potions
 h - 4 potions of curing
 i - 5 potions of heal wounds
 j - a potion of haste
 k - 2 potions of magic
 p - a potion of ambrosia
 v - a potion of might {unknown}


   Skills:
 * Level 10.0 Fighting
   Level 2.6 Maces & Flails
 * Level 0.0 Armour
 * Level 9.5 Dodging
 - Level 10.4 Stealth
 - Level 10.9 Spellcasting
 - Level 11.7 Evocations


You had 30 spell levels left.
You didn't know any spells.
Your spell library was empty.

Dungeon Overview and Level Annotations

Branches:
Dungeon (1/1)

Altars:
Cheibriados
Dithmenos
Elyvilon
Fedhas
Gozag
Hepliaklqana
Kikubaaqudgha
Nemelex Xobeh
Okawaru
Qazlal
Ru
Sif Muna
Trog
Uskayaw
Vehumet
Wu Jian
Yredelemnul
Zin
The Shining One

Shops:
D [[(!?}


Innate Abilities, Weirdness & Mutations

You have razor-sharp toenails.
You are mostly covered in yellow scales. (AC +3)
You may emit foul miasma when damaged in melee.
You resist negative energy. (rN+)
You are immune to rotting.
[You tend to lose your temper in combat.]
[Scrolls take you longer to read.]
[You are clumsy. (Dex -2)]
[Your body often deteriorates upon taking damage.]
[You are dopey. (Int -2)]
[You are extremely frail. (-30% HP)]
[Your magical capacity is very low. (-20% MP)]
[You do not regenerate when monsters are visible.]
[You are very weak. (Str -4)]
[Your spells are a little easier to cast, but a little less powerful.]


Message History

Your body deteriorates!
You feel weakened.
You hit the moth of wrath.
The moth of wrath is lightly wounded.
The moth of wrath bites you.
* * * LOW HITPOINT WARNING * * *
You hit the moth of wrath.
The moth of wrath is lightly wounded.
The moth of wrath misses you.
You hit the moth of wrath.
The moth of wrath is lightly wounded.
The moth of wrath closely misses you.
You hit the moth of wrath.
The moth of wrath is lightly wounded.
The moth of wrath misses you. The moth of wrath bites you.
* * * LOW HITPOINT WARNING * * *
You hit the moth of wrath.
The moth of wrath is moderately wounded.
The moth of wrath bites you!
You die...
Your body crumbles into a pile of gold.

#..#####'#####'# $
#..####..#...#.# $
#..#__####..##.# $$
#..#_____##'#_.+
#⌠⌠#_.∩...'..._# $$
####_..__##_.#+#
$$#_____###'#$ $ $
############.####+###$
$
#∩[.......'...'@y.$$+$
###''''####...#######
$ $$ #.......####.###
$ $$ #....≈...#.#'#.#
$ $$ #..#.....#.....#
$ $$ #≈.....≈.#.....#
$ #...≈.#≈.#######
#..≈.....# $ $
#..#.....# $$ $


You could see a moth of wrath.

Vanquished Creatures
  Sonja (D)
  8 shining eyes (D)
  Sigmund (D)
  A yak (D)
  4 floating eyes (D)
  An ogre (D)
  A jelly (D)
  Ijyb (D)
18 creatures vanquished.

Vanquished Creatures (others)
  3 hornets (D)
  2 ballistomycete spores (D)
5 creatures vanquished.

Grand Total: 23 creatures vanquished

Notes
Turn   | Place    | Note
-------+----------+-------------------------------------------
     0 | D        | Chiseanne the Demonspawn Archaeologist began the quest for
                  | the Orb.
     0 | D        | Reached XP level 1. HP: 15/15 MP: 1/1
     1 | D        | Noticed Ijyb
    17 | D        | Killed Ijyb
    17 | D        | Gained mutation: You have sharp toenails. [demonic
                  | ancestry]
    17 | D        | Reached XP level 2. HP: 23/23 MP: 2/2
    43 | D        | Noticed an ogre
    46 | D        | Killed an ogre
    46 | D        | Reached skill level 5 in Dodging
    46 | D        | Reached skill level 5 in Stealth
    46 | D        | Reached XP level 3. HP: 32/32 MP: 3/3
    46 | D        | Gained mutation: You are immune to rotting. [demonic
                  | ancestry]
    46 | D        | Reached XP level 4. HP: 38/38 MP: 4/4
    55 | D        | Noticed Sigmund
    61 | D        | Killed Sigmund
    61 | D        | Gained mutation: You have razor-sharp toenails. [demonic
                  | ancestry]
    61 | D        | Reached XP level 5. HP: 47/47 MP: 5/5
    61 | D        | Identified a scroll of acquirement
    66 | D        | Identified the amulet of Xuenegh {Faith +Blink rPois rF+
                  | Int+5} (You acquired it in the Dungeon)
    80 | D        | Found an ornate altar of the Wu Jian Council.
    80 | D        | Found a shimmering blue altar of Sif Muna.
    82 | D        | Found a radiant altar of Vehumet.
    95 | D        | Gained mutation: You may emit foul miasma when damaged in
                  | melee. [demonic ancestry]
    95 | D        | Reached XP level 6. HP: 36/55 MP: 6/6
   158 | D        | Found Baanwaab's Distillery.
   158 | D        | Found an ancient bone altar of Kikubaaqudgha.
   158 | D        | Found a hazy altar of Hepliaklqana.
   158 | D        | Found a hide-covered altar of Uskayaw.
   158 | D        | Found a basalt altar of Yredelemnul.
   158 | D        | Found an opulent altar of Gozag.
   158 | D        | Found a snail-covered altar of Cheibriados.
   158 | D        | Found a sacrificial altar of Ru.
   158 | D        | Found a shadowy altar of Dithmenos.
   158 | D        | Noticed a yak
   168 | D        | Killed a yak
   169 | D        | Found a stormy altar of Qazlal.
   169 | D        | Found a blossoming altar of Fedhas.
   169 | D        | Found a bloodstained altar of Trog.
   169 | D        | Found an iron altar of Okawaru.
   169 | D        | Found a glowing golden altar of the Shining One.
   169 | D        | Found a glowing silver altar of Zin.
   169 | D        | Found a white marble altar of Elyvilon.
   172 | D        | Found a sparkling altar of Nemelex Xobeh.
   279 | D        | Became a worshipper of Gozag Ym Sagoz the Greedy
   282 | D        | Bought a potion of heal wounds for 55 gold pieces
   282 | D        | Bought 2 potions of heal wounds for 110 gold pieces
   282 | D        | Bought a potion of heal wounds for 55 gold pieces
   282 | D        | Bought a potion of curing for 27 gold pieces
   282 | D        | Bought a potion of ambrosia for 44 gold pieces
   288 | D        | Noticed Sonja
   293 | D        | Killed Sonja
   293 | D        | Reached skill level 10 in Fighting
   293 | D        | Reached skill level 10 in Stealth
   293 | D        | Gained mutation: You are partially covered in yellow
                  | scales. (AC +2) [demonic ancestry]
   293 | D        | Reached XP level 7. HP: 66/66 MP: 7/7
   313 | D        | Found Ypho's Armour Boutique.
   423 | D        | Killed a hornet
   436 | D        | Bought a +0 pair of gloves of dexterity for 161 gold pieces
   436 | D        | Bought a +0 pair of boots for 63 gold pieces
   448 | D        | Killed a hornet
   454 | D        | Noticed a shining eye
   454 | D        | Noticed a shining eye
   454 | D        | Noticed a shining eye
   455 | D        | Noticed a shining eye
   455 | D        | Noticed a shining eye
   455 | D        | Noticed a shining eye
   456 | D        | Noticed a shining eye
   456 | D        | Noticed a shining eye
   457 | D        | Paralysed by a floating eye for 2 turns
   461 | D        | Paralysed by a floating eye for 2 turns
   464 | D        | Paralysed by a floating eye for 4 turns
   469 | D        | Reached skill level 1 in Spellcasting
   469 | D        | Reached skill level 2 in Evocations
   469 | D        | Gained mutation: You are mostly covered in yellow scales.
                  | (AC +3) [demonic ancestry]
   469 | D        | Reached XP level 8. HP: 50/50 MP: 5/8
   471 | D        | Reached skill level 3 in Evocations
   477 | D        | Killed a shining eye
   477 | D        | Reached skill level 5 in Spellcasting
   477 | D        | Reached skill level 5 in Evocations
   480 | D        | Paralysed by a floating eye for 4 turns
   489 | D        | Paralysed by a floating eye for 3 turns
   496 | D        | Paralysed by a floating eye for 2 turns
   500 | D        | Paralysed by a floating eye for 2 turns
   506 | D        | Killed a shining eye
   506 | D        | Reached skill level 7 in Evocations
   506 | D        | Paralysed by a floating eye for 2 turns
   520 | D        | Paralysed by a floating eye for 4 turns
   523 | D        | Killed a hornet
   526 | D        | Killed a shining eye
   526 | D        | Reached skill level 8 in Evocations
   526 | D        | Reached XP level 9. HP: 54/54 MP: 12/16
   548 | D        | Killed a shining eye
   548 | D        | Reached skill level 9 in Evocations
   558 | D        | Killed a shining eye
   558 | D        | Reached skill level 10 in Evocations
   574 | D        | Killed a shining eye
   598 | D        | Killed a shining eye
   598 | D        | Reached skill level 10 in Spellcasting
   598 | D        | Reached skill level 11 in Evocations
   598 | D        | Gained mutation: You resist negative energy. (rN+) [demonic
                  | ancestry]
   598 | D        | Reached XP level 10. HP: 68/68 MP: 20/21
   610 | D        | Paralysed by a floating eye for 2 turns
   637 | D        | Killed a shining eye
   643 | D        | Found Uthydigh's Magic Scroll Shop.
   643 | D        | Found Zextahal's Antique Armour Shoppe.
   643 | D        | Found Zeqi's Gadget Boutique.
   643 | D        | Found Dexkop's Weapon Emporium.
   658 | D        | Bought a shiny ring mail for 196 gold pieces
   676 | D        | Bought a scroll of blinking for 105 gold pieces
   676 | D        | Bought a scroll of identify for 28 gold pieces
   676 | D        | Bought a scroll of enchant weapon for 105 gold pieces
   697 | D        | Noticed a deep troll
   706 | D        | Noticed a moth of wrath
   706 | D        | a deep troll changed into a moth of wrath
   711 | D        | Slain by a moth of wrath

Skill      XL: |  1  2  3  4  5  6  7  8  9 |
---------------+----------------------------+-----
Fighting       | 2 4 6 7 10 | 10.0
Maces & Flails | 2 |  2.6
Dodging        | 3 5 6 7 9 |  9.5
Stealth        | 4 5 7 10 | 10.4
Spellcasting   | 1 7 10 | 10.9
Evocations     | 2 8 11 | 11.7

Action                   |  1- 3 |  4- 6 |  7- 9 | 10-12 || total
-------------------------+-------+-------+-------+-------++-------
Melee: Whip              |     9 |       |       |       ||     9
       Unarmed           |     4 |       |       |       ||     4
       Dagger            |     2 |    25 |   108 |    34 ||   169
Evoke: Wand              |       |       |     1 |     2 ||     3
  Use: Potion            |     1 |       |       |       ||     1
       Scroll            |       |     1 |       |     1 ||     2
 Stab: Sleeping          |     1 |     2 |     1 |     1 ||     5
       Paralysed         |       |     1 |     1 |       ||     2
       Petrifying        |       |       |     1 |       ||     1
  Eat: Ration            |       |       |     1 |       ||     1
Armor: Robe              |     2 |     1 |       |       ||     3
       Ring mail         |       |       |       |     1 ||     1
Dodge: Dodged            |     3 |    12 |       |     9 ||    24
